 Dungeon Crawl Stone Soup version 0.31-a0-865-g3d5d91748a (webtiles) character file.

Game seed: 16792640820282130686

920 Kyrie the Skirmisher (level 7, -2/61 HPs)
             Began as a Minotaur Hunter on Oct 9, 2023.
             Slain by Edmund
             ... wielding a +2 flail of protection
              (8 damage)
             ... on level 5 of the Dungeon on Oct 11, 2023.
             The game lasted 00:15:10 (3836 turns).

Kyrie the Skirmisher (Minotaur Hunter)              Turns: 3836, Time: 00:15:11

Health: -2/61      AC:  5    Str: 15    XL:     7   Next: 83%
Magic:  6/6        EV: 12    Int:  6    God:
Gold:   152        SH:  0    Dex: 16    Spells: 6/6 levels left

rFire   . . .        a - +0 shortbow
rCold   . . .        (shield currently unavailable)
rNeg    + . .        c - +0 leather armour
rPois   .            (helmet restricted)
rElec   .            (no cloak)
rCorr   .            (no gloves)
SInv    .            i - +1 pair of boots
Will    .....        (no amulet)
Stlth   ++           n - ring of positive energy
HPRegen 0.30/turn    (no ring)
MPRegen 0.10/turn

%: no passive effects
@: no status effects
A: horns 2, retaliatory headbutt
a: no special abilities


You were on level 5 of the Dungeon.
You visited 1 branch of the dungeon, and saw 5 of its levels.

You collected 152 gold pieces.

Inventory:

Hand Weapons
 a - a +0 shortbow (weapon)
Armour
 c - a +0 leather armour (worn)
 i - a +1 pair of boots (worn)
Jewellery
 n - a ring of positive energy (left hand)
 q - a ring of resist corrosion
 B - an amulet of regeneration
 C - a ring of see invisible
Talismans
 t - a serpent talisman
 A - a flux talisman
Scrolls
 b - a scroll of butterflies
 f - a scroll of torment {unknown}
 h - 7 scrolls of identify {unknown}
 k - 2 scrolls of fear {unknown}
 l - 2 scrolls of enchant weapon {unknown}
 m - 2 scrolls of blinking {unknown}
 r - 2 scrolls of immolation {unknown}
 u - 4 scrolls of teleportation {unknown}
 v - a scroll of summoning {unknown}
 x - a scroll of poison {unknown}
 y - a scroll of enchant armour {unknown}
 D - a scroll of vulnerability {unknown}
Potions
 d - 4 potions of heal wounds {unknown}
 e - a potion of haste {unknown}
 g - a potion of curing {unknown}
 j - a potion of cancellation {unknown}
 o - a potion of lignification {unknown}
 p - a potion of ambrosia {unknown}
 s - a potion of magic {unknown}
 w - 3 potions of degeneration {unknown}
 z - a potion of attraction {unknown}


   Skills:
 + Level 5.4 Fighting
 + Level 9.4 Ranged Weapons
 + Level 2.4 Armour
 + Level 2.4 Dodging
 + Level 1.1 Stealth


You had 6 spell levels left.
You didn't know any spells.
Your spell library contained the following spells:

 Spells                   Type           Power      Damage    Failure   Level
 Wereblood                Tmut           0%         N/A       67%         2
 Irradiate                Conj/Tmut      0%         3d11      100%        5


Dungeon Overview and Level Annotations

Branches:
Dungeon (5/15)
 Temple: D:4-7

Altars:
Dithmenos
Hepliaklqana
Kikubaaqudgha
Ru
Sif Muna
Zin

Shops:
D:5 (

Annotations:
D:5 Edmund


Innate Abilities, Weirdness & Mutations

You have a pair of horns on your head.
You reflexively headbutt those who attack you in melee.


Message History

Aim: Edmund, wielding a +2 flail of protection and wearing a +0 chain mail (moderately wounded, 72% to hit)
You shoot an arrow. The arrow hits Edmund.
Edmund is moderately wounded.
Edmund completely misses you.
Fire: a) +0 shortbow
Press: ? - help, Q - select action Shift-Dir - straight line, f/p - Edmund
Aim: Edmund, wielding a +2 flail of protection and wearing a +0 chain mail (moderately wounded, 72% to hit)
You shoot an arrow. The arrow barely misses Edmund.
The arrow barely misses the ice beast.
Edmund hits you but does no damage.
Fire: a) +0 shortbow
Press: ? - help, Q - select action Shift-Dir - straight line, f/p - Edmund
Aim: Edmund, wielding a +2 flail of protection and wearing a +0 chain mail (moderately wounded, 72% to hit)
You shoot an arrow. The arrow hits Edmund.
Edmund is heavily wounded.
Edmund hits you with a +2 flail of protection.
* * * LOW HITPOINT WARNING * * *
Fire: a) +0 shortbow
Press: ? - help, Q - select action Shift-Dir - straight line, f/p - Edmund
Aim: Edmund, wielding a +2 flail of protection and wearing a +0 chain mail (heavily wounded, 72% to hit)
You shoot an arrow.
The arrow hits Edmund but does no damage.
Edmund is heavily wounded.
Edmund barely misses you.
Fire: a) +0 shortbow
Press: ? - help, Q - select action Shift-Dir - straight line, f/p - Edmund
Aim: Edmund, wielding a +2 flail of protection and wearing a +0 chain mail (heavily wounded, 72% to hit)
You shoot an arrow.
The arrow hits Edmund but does no damage.
Edmund is heavily wounded.
Edmund hits you with a +2 flail of protection!
* * * LOW HITPOINT WARNING * * *
Fire: a) +0 shortbow
Press: ? - help, Q - select action Shift-Dir - straight line, f/p - Edmund
Aim: Edmund, wielding a +2 flail of protection and wearing a +0 chain mail (heavily wounded, 72% to hit)
You shoot an arrow. The arrow completely misses Edmund.
The arrow barely misses the ice beast.
Edmund hits you with a +2 flail of protection!
You die...
Edmund says, "I'd like to see a scythe do that!"

...# . ..#..# .
......###.....#.#
.....#.#.#.......
.......#......... ###
....$..#......... #.#
#....††# ###.# #..#.#Y#
#...# #. ###@# #...# #..#
#@# ....# #.# #.# ....# #.#
#.########### ....# #.#
#..#........# ....# #.#
##.#........# ....# #.#
#.#........#
....########.####.#........#
.......))..)...............#
....)#######.####.#........#


You could see Edmund and an ice beast.

Vanquished Creatures
  Grinder (D:4)
  2 ogres
  A phantom (D:5)
  2 scorpions
  A jelly (D:5)
  An orc priest (D:5)
  3 iguanas (D:5)
  2 orc wizards
  5 adders
  An ufetubus (D:4)
  A worm (D:1)
  2 dart slugs
  9 orcs
  6 ball pythons
  6 bats
  4 endoplasms
  5 giant cockroaches
  18 goblins
  12 hobgoblins
  7 quokkas
  3 frilled lizards
  9 kobolds
  4 rats (D:1)
105 creatures vanquished.

Notes
Turn   | Place    | Note
-------+----------+-------------------------------------------
     0 | D:1      | Kyrie the Minotaur Hunter began the quest for the Orb.
     0 | D:1      | Reached XP level 1. HP: 18/18 MP: 0/0
   125 | D:1      | Reached XP level 2. HP: 25/25 MP: 1/1
   146 | D:1      | Reached skill level 5 in Ranged Weapons
   736 | D:1      | Reached XP level 3. HP: 30/30 MP: 2/2
   868 | D:2      | Identified the +3 dagger of Viny Valiance {freeze, rElec
                  | MP-9 Int+3 Dex+3}
  1211 | D:2      | Reached XP level 4. HP: 37/37 MP: 3/3
  1871 | D:3      | Found a shimmering blue altar of Sif Muna.
  1877 | D:3      | Found a glowing silver altar of Zin.
  1966 | D:3      | Noticed a scorpion
  1976 | D:3      | Reached skill level 6 in Ranged Weapons
  1977 | D:3      | Killed a scorpion
  1978 | D:3      | Reached skill level 1 in Armour
  1978 | D:3      | Reached skill level 1 in Stealth
  1978 | D:3      | Reached XP level 5. HP: 12/45 MP: 4/4
  2244 | D:3      | Noticed an ogre
  2258 | D:3      | Killed an ogre
  2259 | D:3      | Reached skill level 7 in Ranged Weapons
  2259 | D:3      | Reached XP level 6. HP: 37/52 MP: 5/5
  2521 | D:4      | Found an ancient bone altar of Kikubaaqudgha.
  3057 | D:4      | Noticed Grinder
  3081 | D:4      | Killed Grinder
  3082 | D:4      | Reached skill level 8 in Ranged Weapons
  3082 | D:4      | Reached XP level 7. HP: 43/60 MP: 6/6
  3184 | D:4      | Noticed a shadow
  3187 | D:4      | Found a shadowy altar of Dithmenos.
  3188 | D:4      | Found a hazy altar of Hepliaklqana.
  3294 | D:5      | Entered Level 5 of the Dungeon
  3526 | D:5      | Reached skill level 5 in Fighting
  3629 | D:5      | Found a sacrificial altar of Ru.
  3697 | D:5      | Found Otyziciy's Weapon Boutique.
  3739 | D:5      | Reached skill level 9 in Ranged Weapons
  3739 | D:5      | Upgraded the game from 0.31-a0-859-g9dce7d3444 to
                  | 0.31-a0-865-g3d5d91748a
  3741 | D:5      | Noticed Edmund
  3836 | D:5      | Slain by Edmund

Illustrated notes

Levels and vault maps discovered:
D:1:      dpeg_arrival_brainrot, layout_basic, chequers_mini_garden,
          lexackson_kobold_supper
D:2:      layout_loops_corners, kennysheep_generic_room_13
D:3:      layout_rooms, nicolae_overflow_squiral, minmay_ogre_servants
D:4:      layout_loops_ring, riverfiend_overflow_shadow_ancestor,
          lemuel_round_altar, chequers_serial_rivers_large_b,
          reono_crystal_passage, uniq_grinder
D:5:      old_forge, layout_rooms, nicolae_ru_the_path_less_chosen,
          minmay_temple_entry_arrows, serial_shops, shop, uniq_edmund

Skill      XL: |  1  2  3  4  5  6  7 |
---------------+----------------------+-----
Ranged Weapons | 5 6 7 8 9 |  9.4
Fighting       | 3 4 5 |  5.4
Armour         | 1 2 |  2.4
Stealth        | 1 |  1.1
Dodging        | |  2.4

Action                     |  1- 3 |  4- 6 |  7- 9 || total
---------------------------+-------+-------+-------++-------
   Fire: Shortbow          |    99 |   129 |   104 ||   332
 Armour: Leather armour    |     4 |    39 |    19 ||    62
  Dodge: Dodged            |     9 |    26 |    30 ||    65

Table legend: (Time is in decaauts)
 A = Elapsed time spent in this place.
 B = Non-inter-level travel time spent in this place.
 C = Inter-level travel time spent in this place.
 D = Time resting spent in this place.
 E = Time spent auto-exploring this place.
 F = Levels seen in this place.
 G = Mean time per level.
                   A        B        C        D        E       F      G
               +--------+--------+--------+--------+--------+-----+--------+
         Total |   3911 |   3799 |    112 |     25 |   3183 |   5 |  782.2 |
       Dungeon |   3911 |   3799 |    112 |     25 |   3183 |   5 |  782.2 |
               +--------+--------+--------+--------+--------+-----+--------+

Top non-repeatable levels by time:
     D:2: 869 daAuts
     D:3: 862 daAuts
     D:4: 840 daAuts
     D:1: 815 daAuts
     D:5: 524 daAuts
